 Dungeon Crawl Stone Soup version 0.29-a0-284-gf9362112df (webtiles) character file.

Game seed: 7964995500487212594

893 Krypt the Conjurer (level 8, -9/48 HPs)
             Began as an Octopode Conjurer on Mar 30, 2022.
             Mangled by an ice beast (13 damage)
             ... on level 5 of the Dungeon on Apr 1, 2022.
             The game lasted 00:18:45 (13125 turns).

Krypt the Conjurer (Octopode Conjurer)             Turns: 13125, Time: 00:18:46

Health: -9/48      AC:  1    Str:  7    XL:     8   Next: 6%
Magic:  6/14       EV: 14    Int: 20    God:
Gold:   159        SH:  0    Dex: 18    Spells: 4/15 levels left

rFire   . . .      SeeInvis +   c - +1 rapier (vorpal)
rCold   . . .      Faith    .   (no shield)
rNeg    + . .      Spirit   .   (helmet restricted)
rPois   .          Reflect  .   (no amulet)
rElec   .          Harm     .   d - +6 ring of dexterity
rCorr   .          Rampage  .   m - ring of see invisible
Will    .....                   n - ring of positive energy
Stlth   ++++......              (no ring)
HPRegen 0.16/turn               (no ring)
MPRegen 0.14/turn               (no ring)
                                (no ring)
                                (no ring)

@: no status effects
A: almost no armour, amphibious, 8 rings, camouflage 1, gelatinous body 1,
(nimble swimmer 1), tentacles
a: no special abilities


You were on level 5 of the Dungeon.
You visited 1 branch of the dungeon, and saw 5 of its levels.

You collected 159 gold pieces.

Inventory:

Hand Weapons
 c - a +1 vorpal rapier (weapon)
 e - a +0 hunting sling
 g - a +0 dagger
Missiles
 j - 160 stones
 k - 11 boomerangs
Armour
 s - a +2 barding
Jewellery
 d - a +6 ring of dexterity (left tentacle)
 m - a ring of see invisible (right tentacle)
 n - a ring of positive energy (on tentacle)
Wands
 f - a wand of iceblast (10)
Scrolls
 h - a scroll of holy word {unknown}
 o - 2 scrolls of teleportation
 p - 2 scrolls of fear
 q - a scroll of enchant armour
 r - a scroll of fog
Potions
 a - a potion of magic
 b - 3 potions of lignification
 i - 2 potions of curing {unknown}
 l - a potion of mutation {unknown}
 t - a potion of heal wounds
 u - a potion of haste {unknown}


   Skills:
 + Level 1.6 Fighting
 + Level 3.4 Short Blades
 + Level 2.9 Dodging
 + Level 6.0 Stealth
 + Level 4.1 Spellcasting
 + Level 6.3 Conjurations
 + Level 0.3 Hexes
 + Level 0.3 Evocations


You had 4 spell levels left.
You knew the following spells:

 Your Spells              Type           Power      Damage    Failure   Level
a - Magic Dart            Conj           100%       1d8       1%          1
b - Searing Ray           Conj           58%        2d6       1%          2
c - Fulminant Prism       Conj/Hex       8%         3d7       32%         4
d - Iskenderun's Mystic   Conj/Tloc      16%        2d5       34%         4

Your spell library contained the following spells:

 Spells                   Type           Power      Damage    Failure   Level
 Dazzling Flash           Conj/Hex       34%        N/A       10%         3
 Stone Arrow              Conj/Erth      32%        3d9       11%         3
 Pain                     Necr           16%        1d4       13%         1
 Sandblast                Erth           8%         2d5       13%         1
 Passwall                 Tmut/Erth      3%         N/A       19%         2
 Agony                    Necr           4%         N/A       98%         5
 Excruciating Wounds      Necr           2%         N/A       98%         5


Dungeon Overview and Level Annotations

Branches:
Dungeon (5/15)             Temple (0/1) D:5

Altars:
Cheibriados
Gozag
Ru
Wu Jian
Zin


Innate Abilities, Weirdness & Mutations

You cannot wear most types of armour.
You are amphibious.
You can wear up to eight rings at the same time.
Your skin changes colour to match your surroundings (Stealth+).
Your rubbery body absorbs attacks. (AC +1, EV +1)
((You are camouflaged when in or above water. (Stealth+)))
You have tentacles for arms and can constrict up to eight enemies at once.


Message History

Aiming: Magic Dart (safe; 1% risk of failure)
Press: ? - help, Q - select action, (/) - cycle Shift-Dir - straight line, f/p - ice beast
Aim: an ice beast (lightly wounded, 100% to hit)
The magic dart hits the ice beast.
The ice beast is lightly wounded.
Aiming: Magic Dart (safe; 1% risk of failure)
Press: ? - help, Q - select action, (/) - cycle Shift-Dir - straight line, f/p - ice beast
Aim: an ice beast (lightly wounded, 100% to hit)
The magic dart hits the ice beast.
The ice beast is lightly wounded.
Aiming: Magic Dart (safe; 1% risk of failure)
Press: ? - help, Q - select action, (/) - cycle Shift-Dir - straight line, f/p - ice beast
Aim: an ice beast (lightly wounded, 100% to hit)
The magic dart hits the ice beast.
The ice beast is moderately wounded.
The ice beast misses you.
Aiming: Magic Dart (safe; 1% risk of failure)
Press: ? - help, Q - select action, (/) - cycle Shift-Dir - straight line, f/p - ice beast
Aim: an ice beast (moderately wounded, 100% to hit)
The magic dart hits the ice beast but does no damage.
The ice beast is moderately wounded.
The ice beast hits you. The ice beast freezes you!
Aiming: Magic Dart (safe; 1% risk of failure)
Press: ? - help, Q - select action, (/) - cycle Shift-Dir - straight line, f/p - ice beast
Aim: an ice beast (moderately wounded, 100% to hit)
The magic dart hits the ice beast but does no damage.
The ice beast is moderately wounded.
The ice beast hits you. The ice beast freezes you!
Aiming: Magic Dart (safe; 1% risk of failure)
Press: ? - help, Q - select action, (/) - cycle Shift-Dir - straight line, f/p - ice beast
Aim: an ice beast (moderately wounded, 100% to hit)
The magic dart hits the ice beast but does no damage.
The ice beast is moderately wounded.
The ice beast hits you. The ice beast freezes you!
* * * LOW HITPOINT WARNING * * *
The ice beast attacks as you move away! The ice beast closely misses you.
The ice beast hits you.
* * * LOW HITPOINT WARNING * * *
The ice beast freezes you!
You die...

'.##.##.##.###...######.......#..
#.....#.....######..[.........#..
......#.....#.................#..
......#.....#.................#..
......#.....#.................#..
......#.....'.................#..
......#.#####.................#.#
#######.#.......###'#####........
........#.......@.......#.>......
........#.......#Y......#........
........#.......#.......#........
#####'###.......#.......#........
#...............#..##...#........
.........########..###'###+######
.........#.....+....#.........
.........#.....#....#.........
.........#.....#....#.........


You could see an ice beast.

Vanquished Creatures
  Menkaure (D:4)
  A water moccasin (D:5)
  An ogre (D:5)
  2 elf skeletons (D:4)
  A bullfrog (D:5)
  A howler monkey (D:4)
  A jelly (D:5)
  2 hounds
  2 human zombies (D:4)
  3 iguanas
  7 adders
  A white imp (D:5)
  5 worms
  3 dart slugs
  9 endoplasms
  A giant cockroach (D:4)
  6 goblins
  6 hobgoblins
  3 jackals (D:1)
  4 kobolds
  2 quokkas
  5 ball pythons
  3 bats
  3 frilled lizards
  An orc skeleton (D:4)
  An orc zombie (D:4)
  A rat (D:2)
76 creatures vanquished.

Vanquished Creatures (others)
  3 fulminant prisms (D:5)
3 creatures vanquished.

Grand Total: 79 creatures vanquished

Notes
Turn   | Place    | Note
-------+----------+-------------------------------------------
     0 | D:1      | Krypt the Octopode Conjurer began the quest for the Orb.
     0 | D:1      | Reached XP level 1. HP: 11/11 MP: 3/3
   210 | D:1      | Found a faded altar of an unknown god.
   585 | D:1      | Reached XP level 2. HP: 16/17 MP: 3/5
  1065 | D:1      | Learned a level 2 spell: Searing Ray
  2247 | D:2      | Reached XP level 3. HP: 21/21 MP: 6/6
  3078 | D:2      | Reached XP level 4. HP: 27/27 MP: 5/7
  4276 | D:2      | Reached skill level 1 in Short Blades
  4417 | D:2      | Learned a level 4 spell: Fulminant Prism
  7635 | D:3      | Reached XP level 5. HP: 32/32 MP: 8/8
  7799 | D:3      | Found an ornate altar of the Wu Jian Council.
  7998 | D:3      | Found a snail-covered altar of Cheibriados.
  8075 | D:3      | Found a sacrificial altar of Ru.
  8344 | D:3      | Found an opulent altar of Gozag.
  8744 | D:4      | Reached skill level 5 in Conjurations
  8949 | D:4      | Noticed Menkaure
  8994 | D:5      | Entered Level 5 of the Dungeon
  8999 | D:5      | Reached XP level 6. HP: 7/37 MP: 2/10
  9260 | D:4      | Killed Menkaure
  9261 | D:4      | Reached skill level 1 in Fighting
  9261 | D:4      | Reached skill level 5 in Stealth
  9989 | D:4      | Reached XP level 7. HP: 16/43 MP: 10/12
 10848 | D:5      | Found a staircase to the Ecumenical Temple.
 11703 | D:5      | Learned a level 4 spell: Iskenderun's Mystic Blast
 12069 | D:5      | Reached XP level 8. HP: 40/48 MP: 5/14
 12979 | D:5      | Found a glowing silver altar of Zin.
 13125 | D:5      | Mangled by an ice beast

Illustrated notes

Levels and vault maps discovered:
D:1:      co_arrival_random_square_maze, layout_loops_ring,
          shapermc_ecumenical_altar_venn, minmay_misc_feat_hallway
D:2:      layout_basic, hangedman_abyss_or_decor_lesser_grid, grunt_ministairs_5
D:3:      layout_loops_ring, lemuel_crystal_altar, lemuel_crystal_altar,
          old_standard_altar, lemuel_doored_altar, grunt_ministairs_8,
          amcnicky_mini_rare_corridor_liquid
D:4:      layout_basic, nicolae_ossuary_entry_catacombs, uniq_menkaure
D:5:      layout_gridville, zin_statuary, minmay_temple_entry_large_hall,
          serial_shops, nicolae_take_the_stairs

Skill      XL: |  1  2  3  4  5  6  7  8 |
---------------+-------------------------+-----
Stealth        | 3 4 5 6 |  6.0
Short Blades   | 1 2 3 |  3.4
Conjurations   | 5 6 |  6.3
Fighting       | 1 |  1.6
Spellcasting   | 3 4 |  4.1
Dodging        | |  2.9
Hexes          | |  0.3
Evocations     | |  0.3

Action                   |  1- 3 |  4- 6 |  7- 9 || total
-------------------------+-------+-------+-------++-------
Melee: Unarmed           |     6 |       |       ||     6
       Constrict         |     5 |     7 |     2 ||    14
       Rapier            |    15 |    29 |    11 ||    55
       Tentacles         |     5 |    10 |     1 ||    16
 Cast: Magic Dart        |    21 |    69 |    19 ||   109
       Searing Ray       |     2 |     9 |     3 ||    14
       Fulminant Prism   |       |       |     3 ||     3
Evoke: Wand              |       |       |     3 ||     3
  Use: Scroll            |       |    12 |       ||    12
       Potion            |       |     1 |       ||     1
 Stab: Sleeping          |     6 |     6 |     2 ||    14
Armor: Skin              |     1 |     2 |       ||     3
Dodge: Dodged            |    26 |    12 |    15 ||    53

Table legend: (Time is in decaauts)
 A = Elapsed time spent in this place.
 B = Non-inter-level travel time spent in this place.
 C = Inter-level travel time spent in this place.
 D = Time resting spent in this place.
 E = Time spent auto-exploring this place.
 F = Levels seen in this place.
 G = Mean time per level.
                   A        B        C        D        E       F      G
               +--------+--------+--------+--------+--------+-----+--------+
         Total |  13141 |  13023 |    118 |   8346 |   3848 |   5 | 2628.2 |
       Dungeon |  13141 |  13023 |    118 |   8346 |   3848 |   5 | 2628.2 |
               +--------+--------+--------+--------+--------+-----+--------+

Top non-repeatable levels by time:
     D:2: 5410 daAuts
     D:5: 2531 daAuts
     D:1: 2232 daAuts
     D:4: 2056 daAuts
     D:3: 910 daAuts
